 Dungeon Crawl Stone Soup version 0.29.1-2-gbd0b4ee654 (webtiles) character file.

Game seed: 3619324471382003489

239 safid the Shooter (level 5, -1/48 HPs)
             Began as a Minotaur Hunter on Nov 23, 2022.
             Succumbed to Blork the orc's poison
             ... on level 4 of the Dungeon on Nov 28, 2022.
             The game lasted 00:03:37 (2726 turns).

safid the Shooter (Minotaur Hunter)                 Turns: 2726, Time: 00:03:38

Health: -1/48      AC:  0    Str: 15    XL:     5   Next: 79%
Magic:  4/4        EV: 14    Int:  6    God:
Gold:   147        SH:  0    Dex: 16    Spells: 4/4 levels left

rFire   . . .      SeeInvis .   (weapon currently unavailable)
rCold   . . .      Faith    .   (shield currently unavailable)
rNeg    . . .      Spirit   .   (body armour currently unavailable)
rPois   .          Reflect  .   (helmet currently unavailable)
rElec   .          Harm     .   (cloak currently unavailable)
rCorr   .          Rampage  .   (gloves currently unavailable)
Will    .....                   (boots currently unavailable)
Stlth   ++........              (no amulet)
HPRegen 0.16/turn               (ring currently unavailable)
MPRegen 0.09/turn               (ring currently unavailable)

@: lethally poisoned (-1 -> -20), pig-form, very quick
A: fast, no casting, small, (horns 2), (retaliatory headbutt)
a: no special abilities


You were on level 4 of the Dungeon.
You were a filthy swine.
You visited 1 branch of the dungeon, and saw 4 of its levels.

You collected 147 gold pieces.

Inventory:

Hand Weapons
 a - a +0 shortbow (melded)
Armour
 l - a +0 pair of boots (melded)
 q - a +0 pair of gloves (melded)
 s - a +0 scale mail (melded)
Wands
 p - a wand of flame (21)
Scrolls
 d - 3 scrolls of magic mapping {unknown}
 e - a scroll of butterflies {unknown}
 f - a scroll of teleportation {unknown}
 h - 4 scrolls of identify {unknown}
 m - 2 scrolls of enchant weapon {unknown}
 n - a scroll of amnesia {unknown}
Potions
 b - 2 potions of curing {unknown}
 g - a potion of heal wounds
 i - a potion of magic
 j - a potion of cancellation {unknown}
 k - a potion of haste {unknown}
 o - a potion of flight {unknown}
 r - 2 potions of mutation {unknown}


   Skills:
 + Level 5.4 Fighting
 + Level 6.3 Ranged Weapons
 - Level 2.1 Dodging
 - Level 0.7 Stealth


You had 4 spell levels left.
You didn't know any spells.
Your spell library contained the following spells:

 Spells                   Type           Power      Damage    Failure   Level
 Ensorcelled Hibernation  Hex/Ice        0%         N/A       58%         2
 Passwall                 Tmut/Erth      0%         N/A       58%         2
 Swiftness                Air            0%         N/A       83%         3


Dungeon Overview and Level Annotations

Branches:
Dungeon (4/15)
 Temple: D:4-7

Altars:
Elyvilon

Annotations:
D:4 Blork the orc


Innate Abilities, Weirdness & Mutations

You are a filthy swine.
You move quickly.
Your equipment is almost entirely melded.
You are incapable of wielding weapons or throwing items.
You cannot cast spells.
((You have a pair of horns on your head.))
((You reflexively headbutt those who attack you in melee.))


Message History

Blork the orc completely misses you.
Blork the orc hits you with a +0 glaive of venom!
You are poisoned.
You shoot an arrow. The arrow closely misses Blork the orc.
You feel very sick.
Blork the orc zaps a wand.
You resist with some effort.
Blork the orc zaps a wand.
You resist with some effort.
You shoot an arrow. The arrow hits Blork the orc!
Blork the orc is moderately wounded.
You feel sick.
Blork the orc hits you with a +0 glaive of venom!
You are more poisoned.
Blork the orc hits you with a +0 glaive of venom!
You are lethally poisoned!
It was a potion of magic.
Magic courses through your body.
* * * LOW HITPOINT WARNING * * *
You feel very sick.
Blork the orc hits you but does no damage.
It was a potion of heal wounds.
You feel much better.
You feel very sick.
Blork the orc zaps a wand.
You turn into a filthy swine.
Your +0 shortbow melds into your body.
Your +0 pair of gloves melds into your body.
Your +0 pair of boots melds into your body.
Your +0 scale mail melds into your body.
Blork the orc hits you with a +0 glaive of venom.
You are lethally poisoned!
Level annotation: Blork the orc Welcome back, safid the Minotaur Hunter.
Press ? for a list of commands and other information.
You feel very sick. Blork the orc misses you.
* * * LOW HITPOINT WARNING * * *
You feel very sick.
Blork the orc gestures at you while chanting.
The puff of frost hits you!
* * * LOW HITPOINT WARNING * * *
* * * LOW HITPOINT WARNING * * *
You feel very sick.
You die...

####......##....#
##.....##....#
##....##..(.#
###.########
#...## ###..##
##..#########
##.##......#
#..'.h....#
####......#
#.)..[.# #......#
#.....o#
#####.#†......
#..>#.#### ###.#
# .#


You could see Blork the orc (fast).

Vanquished Creatures
  A scorpion (D:4)
  A hound (D:4)
  An iguana (D:4)
  An orc wizard (D:3)
  A gnoll (D:1)
  An adder (D:2)
  A worm (D:2)
  3 dart slugs
  9 orcs (D:3)
  6 ball pythons
  4 endoplasms
  2 giant cockroaches
  2 goblins (D:1)
  6 hobgoblins
  2 kobolds (D:1)
  6 quokkas
  6 bats
  11 frilled lizards
  2 rats (D:3)
66 creatures vanquished.

Vanquished Creatures (others)
  A plant (D:1)
1 creature vanquished.

Grand Total: 67 creatures vanquished

Notes
Turn   | Place    | Note
-------+----------+-------------------------------------------
     0 | D:1      | safid the Minotaur Hunter began the quest for the Orb.
     0 | D:1      | Reached XP level 1. HP: 18/18 MP: 0/0
    79 | D:1      | Found a faded altar of an unknown god.
   121 | D:1      | Reached XP level 2. HP: 25/25 MP: 1/1
   359 | D:1      | Reached skill level 5 in Ranged Weapons
   359 | D:1      | Reached XP level 3. HP: 31/31 MP: 2/2
  1540 | D:3      | Found a white marble altar of Elyvilon.
  1857 | D:3      | Reached XP level 4. HP: 40/40 MP: 3/3
  2445 | D:4      | Reached XP level 5. HP: 29/47 MP: 4/4
  2651 | D:4      | Reached skill level 5 in Fighting
  2651 | D:4      | Reached skill level 6 in Ranged Weapons
  2709 | D:4      | Noticed Blork the orc
  2725 | D:4      | HP: 1/48 [poisoned by Blork the orc]
  2726 | D:4      | Succumbed to Blork the orc's poison

Illustrated notes

Levels and vault maps discovered:
D:1:      lemuel_arrival_lava_pool, layout_basic,
          shapermc_ecumenical_altar_notcrosses, serial_park_tiny_1,
          chequers_serial_rivers_large_a, minmay_lizard_king
D:2:      layout_basic
D:3:      layout_loops_corners, nicolae_elyvilon_peaceful_grove
D:4:      layout_basic, nicolae_tso_swordbearing_angel, eino_tiny_chamber,
          chequers_serial_rivers_small_3, uniq_blork_the_orc

Skill      XL: |  1  2  3  4  5 |
---------------+----------------+-----
Fighting       | 3 4 5 |  5.4
Ranged Weapons | 5 6 |  6.3
Dodging        | |  2.1
Stealth        | |  0.7

Action                   |  1- 3 |  4- 6 || total
-------------------------+-------+-------++-------
 Fire: Shortbow          |    97 |    88 ||   185
  Use: Potion            |       |     2 ||     2
Armor: Leather armour    |     2 |     4 ||     6
       Scale mail        |       |    17 ||    17
Dodge: Dodged            |    21 |    35 ||    56
